 Dungeon Crawl Stone Soup version 0.31.0-1-g2c135a008e (webtiles) character file.

Game seed: 15635830456620057330

30 qw the Shooter (level 3, -5/28 HPs)
             Began as a Djinni Hunter on Jan 24, 2024.
             Slain by Terence
             ... wielding a +2 mace of protection
              (10 damage)
             ... on level 2 of the Dungeon.
             The game lasted 00:00:02 (798 turns).

qw the Shooter (Djinni Hunter)                       Turns: 798, Time: 00:00:03

Health: -5/28      AC:  5    Str: 10    XL:     3   Next: 35%
Gold:   44         EV: 11    Int: 10    God:
                   SH:  0    Dex: 18

rFire   + + .        a - +0 shortbow
rCold   x . .        (shield currently unavailable)
rNeg    . . .        d - +0 ring mail
rPois   inf          (no helmet)
rElec   .            (no cloak)
rCorr   .            (no gloves)
SInv    .            (boots unavailable)
Will    .....        e - amulet of faith
Stlth   +            (no ring)
HPRegen 0.24/turn    (no ring)
MPRegen 0.00/turn

%: faith, infuse magic (-6 HP)
@: flying
A: sickness immunity, fire resistance 2, cold vulnerability 1, float, innate
caster, HP casting, extra vitality 1
a: no special abilities


You were on level 2 of the Dungeon.
You visited 1 branch of the dungeon, and saw 2 of its levels.

You collected 44 gold pieces.


Innate Abilities, Weirdness & Mutations

You are immune to sickness and miasma.
You are immune to poison.
Your flesh is very heat resistant. (rF++)
You are vulnerable to cold. (rC-)
You float through the air rather than walking.
You learn spells naturally, not from books.
Your magical power is your life essence.
You have superior vitality. (+4 MHP)


   Skills:
 - Level 2.3 Fighting
 - Level 4.0 Ranged Weapons
 + Level 0.2 Armour
 - Level 2.1 Dodging
 - Level 0.7 Stealth


You knew the following spells:

 Your Spells              Type           Power      Damage    Failure   Level
a - Summon Small Mammal   Summ           0%         N/A       69%         1
Your spell library was empty.

Inventory:

Hand Weapons
 a - a +0 shortbow (weapon)
Armour
 b - the +0 robe of Eloar {^Drain rF++ rC+ rN+}
   (You found it on level 2 of the Dungeon)

   rF++:      It greatly protects you from fire.
   rC+:       It protects you from cold.
   rN+:       It protects you from negative energy.
   ^Drain:    It drains your maximum health when unequipped.
 d - a +0 ring mail (worn)
Jewellery
 c - a +4 ring of slaying {mikee}
 e - an amulet of faith (around neck)
Wands
 f - a wand of mindburst (21)
Scrolls
 g - a scroll of teleportation {unknown}

Dungeon Overview and Level Annotations

Branches:
Dungeon (2/15)

Altars:

Shops:
D:1 [::

Annotations:
D:1 2 transporters
D:2 Terence


Message History

You kill the hobgoblin!
You start resting.
HP restored.
There is a stone staircase leading up here.
c - a +4 ring of slaying {mikee}
g - a scroll labelled GYRRYDDURPHO Terence the Incautious comes into view.
He is wielding a +2 mace of protection.
You shoot an arrow.
The arrow hits Terence but does no damage.
You shoot an arrow. The arrow hits Terence.
Terence is moderately wounded.
You shoot an arrow.
The arrow hits Terence but does no damage.
Terence is moderately wounded.
Terence hits you but does no damage.
You shoot an arrow.
The arrow hits Terence but does no damage.
Terence is moderately wounded.
Terence hits you with a +2 mace of protection.
You shoot an arrow. The arrow closely misses Terence.
Terence hits you but does no damage.
You shoot an arrow.
The arrow hits Terence but does no damage.
Terence is moderately wounded.
Terence closely misses you.
Terence hits you with a +2 mace of protection.
You shoot an arrow.
The arrow hits Terence but does no damage.
Terence is moderately wounded.
Terence hits you but does no damage.
You shoot an arrow. The arrow hits Terence.
Terence is moderately wounded.
Terence hits you with a +2 mace of protection.
You shoot an arrow. The arrow barely misses Terence.
Terence hits you with a +2 mace of protection!
Terence barely misses you.
You shoot an arrow. The arrow closely misses Terence.
Terence hits you with a +2 mace of protection!
You die...
Terence says, "That felt goooood."

#..# #..#
#..# #..#
#..#
#..######
#.@...... #@#
#.###### ###
#......# #..
######.# #.#
#.# ##<#
#.########...
#............
##########...
####


You could see Terence.

Vanquished Creatures
  5 ball pythons
  4 bats (D:1)
  4 endoplasms (D:1)
  5 hobgoblins
  3 kobolds (D:1)
  2 frilled lizards (D:1)
  2 goblins (D:1)
  2 rats (D:1)
27 creatures vanquished.

Notes
Turn   | Place    | Note
-------+----------+-------------------------------------------
     0 | D:1      | qw the Djinni Hunter began the quest for the Orb.
     0 | D:1      | Reached XP level 1. HP: 18/18 MP: 0/0
     0 | D:1      | 0 ||| qw: Version: 0.3-a-136-gdd3b4e8
     0 | D:1      | 0 ||| qw: Game counter: 1422
     0 | D:1      | 0 ||| qw: Melee chars always use a shield: true
     0 | D:1      | 0 ||| qw: God list: Okawaru
     0 | D:1      | 0 ||| qw: Allow faded altars: false
     0 | D:1      | 0 ||| qw: Do Orc after clearing Dungeon:15 true
     0 | D:1      | 0 ||| qw: Do second Lair branch before Depths: true
     0 | D:1      | 0 ||| qw: Lair rune preference: random
     0 | D:1      | 0 ||| qw: Goals: Normal
     0 | D:1      | 0 ||| PLANNING D:1-11
    81 | D:1      | Reached XP level 2. HP: 23/23 MP: 0/0
   182 | D:1      | Found Mierpheg's Book Shoppe.
   296 | D:1      | Found a transporter.
   299 | D:1      | Found Akho's Book Shoppe.
   405 | D:1      | Reached skill level 4 in Ranged Weapons
   405 | D:1      | Reached XP level 3. HP: 28/28 MP: 0/0
   405 | D:1      | Learned a level 1 spell: Summon Small Mammal
   554 | D:1      | Found Dufel's Armour Boutique.
   559 | D:1      | Found a faded altar of an unknown god.
   576 | D:1      | 576 ||| SHOPLISTING +4 ring mail (286 gold, have 34).
   631 | D:1      | Found a transporter.
   634 | D:1      | 634 ||| UPGRADING to +0 ring mail.
   644 | D:1      | 644 ||| DROPPING +0 leather armour.
   645 | D:1      | 645 ||| UPGRADING to amulet of faith.
   650 | D:1      | 650 ||| DROPPING scroll of butterflies.
   703 | D:2      | Identified the +0 robe of Eloar {^Drain rF++ rC+ rN+}
   788 | D:2      | Noticed Terence
   797 | D:2      | HP: 4/28 [Terence/+2 mace of protection (10)]
   798 | D:2      | Slain by Terence

Levels and vault maps discovered:
D:1:      matt_arrival_debris, layout_loops_cross,
          hellmonk_ecumenical_altar_lost_god, serial_shops,
          nicolae_shop_drivethru, nicolae_shop_behind_doors, shop
D:2:      layout_loops_ring, kennysheep_crisscross, uniq_terence

Skill      XL: |  1  2 |
---------------+-------+-----
Ranged Weapons | 4 |  4.0
Fighting       | |  2.3
Armour         | |  0.2
Dodging        | |  2.1
Stealth        | |  0.7

Action                     || total
---------------------------++-------
   Fire: Shortbow          ||    75
 Armour: Leather armour    ||     6
         Ring mail         ||    12
  Dodge: Dodged            ||    12

Table legend:
 A = Non-vault XP
 B = Vault XP
 C = Vault XP percentage of total XP
 D = Non-vault monster count
 E = Vault monster count
 F = Vault count percentage of total count
                 A         B        C        D         E       F
            +---------+---------+-------+---------+---------+-------
      Total |      43 |       0 |   0.0 |      27 |       0 |   0.0
            +---------+---------+-------+---------+---------+-------
        D:1 |      40 |       0 |   0.0 |      25 |       0 |   0.0
        D:2 |       3 |       0 |   0.0 |       2 |       0 |   0.0
            +---------+---------+-------+---------+---------+-------
